PBL
NEW YORK METS @ SAN DIEGO PADRES
05/24/2071
 
TOP OF THE 1ST
New York Mets batting - Pitching for San Diego Padres : LHP Chae-seong Yi
Pitching: LHP Chae-seong Yi
Batting: RHB Troy Day 0-0: Fly out, F7 (Flyball, 7, EV 82.5 MPH)
Batting: RHB Jack McConnell 0-0: Ball
1-0: Fly out, F8 (Flyball, 8RXD, EV 109.4 MPH)
Batting: RHB Rich Stairs 0-0: Ball
1-0: Called Strike
1-1: Ball
2-1: Foul Ball, location: 23F
2-2: Ball
3-2: Foul Ball, location: 5F
3-2: Strikes out swinging
Top of the 1st over - 0 runs, 0 hits, 0 errors, 0 left on base; New York 0 - San Diego 0
BOTTOM OF THE 1ST
San Diego Padres batting - Pitching for New York Mets : LHP Felipe Leal
Pitching: LHP Felipe Leal
Batting: RHB António González 0-0: Ground out 6-3 (Groundball, 6, EV 84.4 MPH)
Batting: RHB Jonathan Roehl 0-0: Ball
1-0: Foul Ball, location: 7LSF
1-1: Ground out 6-3 (Groundball, 6, EV 78.1 MPH)
Batting: RHB Carlos Núñez 0-0: Ball
1-0: SOLO HOME RUN (Flyball, 7D, EV 98.1 MPH), Distance : 361 ft
Batting: LHB Raúl Valenzuela 0-0: Ball
1-0: Called Strike
1-1: Foul Ball, location: 2F
1-2: Ground out 4-3 (Groundball, 4, EV 100.6 MPH)
Bottom of the 1st over - 1 run, 1 hit, 0 errors, 0 left on base; New York 0 - San Diego 1
TOP OF THE 2ND
New York Mets batting - Pitching for San Diego Padres : LHP Chae-seong Yi
Batting: RHB Yoriyuki Iwata 0-0: Called Strike
0-1: Fly out, F8 (Flyball, 8RM, EV 92.5 MPH)
Batting: RHB Ricardo Cantú 0-0: Foul Ball, location: 7LDF
0-1: Ground out 5-3 (Groundball, 56S, EV 86.3 MPH)
Batting: SHB Tsuneari Yamaguchi 0-0: Called Strike
0-1: Called Strike
0-2: Ball
1-2: Foul Ball, location: 3F
1-2: Foul Ball, location: 2F
1-2: Ball
2-2: Foul Ball, location: 9LMF
2-2: Fly out, F8 (Line Drive, 8RD, EV 98.1 MPH)
Top of the 2nd over - 0 runs, 0 hits, 0 errors, 0 left on base; New York 0 - San Diego 1
BOTTOM OF THE 2ND
San Diego Padres batting - Pitching for New York Mets : LHP Felipe Leal
Batting: RHB Luis Villa 0-0: Called Strike
0-1: Fly out, F8 (Flyball, 8RM, EV 78.1 MPH)
Batting: RHB Jorge Gonzáles 0-0: Fly out, F8 (Flyball, 8RXD, EV 110.0 MPH)
Batting: RHB Marvin Stewart 0-0: Ball
1-0: Called Strike
1-1: Fly out, F9 (Line Drive, 89M, EV 86.9 MPH)
Bottom of the 2nd over - 0 runs, 0 hits, 0 errors, 0 left on base; New York 0 - San Diego 1
TOP OF THE 3RD
New York Mets batting - Pitching for San Diego Padres : LHP Chae-seong Yi
Batting: LHB Gustavo Costello 0-0: Foul Ball, location: 7LMF
0-1: Swinging Strike
0-2: Ball
1-2: Strikes out swinging
Batting: RHB Jerome Morales 0-0: Fly out, F8 (Flyball, 8RD, EV 95.6 MPH)
Batting: RHB José Ramírez 0-0: Called Strike
0-1: Ball
1-1: Foul Ball, location: 9LMF
1-2: Strikes out swinging
Top of the 3rd over - 0 runs, 0 hits, 0 errors, 0 left on base; New York 0 - San Diego 1
BOTTOM OF THE 3RD
San Diego Padres batting - Pitching for New York Mets : LHP Felipe Leal
Batting: RHB Salvador Reyes 0-0: Fly out, F7 (Flyball, 7, EV 76.9 MPH)
Batting: RHB Pablo Amador 0-0: Ball
1-0: Swinging Strike
1-1: Foul Ball, location: 9LDF
1-2: Foul Ball, location: 2F
1-2: Ball
2-2: Ball
3-2: Ground out 5-3 (Groundball, 5, EV 110.0 MPH)
Batting: RHB António González 0-0: Called Strike
0-1: Ball
1-1: Ball
2-1: Foul Ball, location: 5F
2-2: Foul Ball, location: 2F
2-2: Foul Ball, location: 9LSF
2-2: Ball
3-2: Base on Balls
Batting: RHB Jonathan Roehl 0-0: Ball
1-0: Ball
2-0: Called Strike
2-1: SINGLE (Flyball, 8RS, EV 93.8 MPH)
António González to second
Runner from 2nd tries for 3rd, SAFE, throw by CF made to third
Batting: RHB Carlos Núñez 0-0: Ball
1-0: Fielders Choice at 2nd, 5-4 (Groundball, 56, EV 102.5 MPH)
Bottom of the 3rd over - 0 runs, 1 hit, 0 errors, 2 left on base; New York 0 - San Diego 1
TOP OF THE 4TH
New York Mets batting - Pitching for San Diego Padres : LHP Chae-seong Yi
Batting: RHB Troy Day 0-0: Ball
1-0: Reached on error, E6 (Groundball, 6, EV 76.3 MPH)
Batting: RHB Jack McConnell 0-0: Ball
1-0: Foul Ball, location: 9LSF
1-1: Ball
2-1: Bunt missed!
2-2: Foul Ball, location: 3F
2-2: DOUBLE (Flyball, 78XD, EV 90.0 MPH)
Troy Day to third
Batting: RHB Rich Stairs 0-0: Ball
1-0: Ball
2-0: 3-RUN HOME RUN (Flyball, 89XD, EV 101.9 MPH), Distance : 402 ft
Batting: RHB Yoriyuki Iwata 0-0: Foul Ball, location: 2F
0-1: Ground out 6-3 (Groundball, 6, EV 100.6 MPH)
Batting: RHB Ricardo Cantú 0-0: Called Strike
0-1: Ball
1-1: Swinging Strike
1-2: Strikes out swinging
Batting: SHB Tsuneari Yamaguchi 0-0: Called Strike
0-1: Fly out, F9 (Flyball, 9D, EV 106.9 MPH)
Top of the 4th over - 3 runs, 2 hits, 1 error, 0 left on base; New York 3 - San Diego 1
BOTTOM OF THE 4TH
San Diego Padres batting - Pitching for New York Mets : LHP Felipe Leal
Batting: LHB Raúl Valenzuela 0-0: Ball
1-0: Ball
2-0: Ball
3-0: Called Strike
3-1: SOLO HOME RUN (Flyball, 9D, EV 101.3 MPH), Distance : 385 ft
Batting: RHB Luis Villa 0-0: Called Strike
0-1: SOLO HOME RUN (Flyball, 9LD, EV 94.4 MPH), Distance : 329 ft
Batting: RHB Jorge Gonzáles 0-0: Ball
1-0: Fly out, F7 (Line Drive, 7S, EV 91.3 MPH)
Batting: RHB Marvin Stewart 0-0: Called Strike
0-1: Ball
1-1: Ball
2-1: Fly out, F4 (Popup, 34, EV 66.3 MPH)
Batting: RHB Salvador Reyes 0-0: Swinging Strike
0-1: Ball
1-1: Fly out, F6 (Popup, 4M, EV 73.8 MPH)
Bottom of the 4th over - 2 runs, 2 hits, 0 errors, 0 left on base; New York 3 - San Diego 3
TOP OF THE 5TH
New York Mets batting - Pitching for San Diego Padres : LHP Chae-seong Yi
Batting: LHB Gustavo Costello 0-0: Swinging Strike
0-1: Ball
1-1: Fly out, F9 (Flyball, 9LS, EV 85.6 MPH)
Batting: RHB Jerome Morales 0-0: Ground out 6-3 (Groundball, 6, EV 91.9 MPH)
Batting: RHB José Ramírez 0-0: Foul Ball, location: 9LMF
0-1: Foul Ball, location: 2F
0-2: Ball
1-2: Ball
2-2: Ball
3-2: Foul Ball, location: 25F
3-2: Fly out, F7 (Line Drive, 78M, EV 93.8 MPH)
Top of the 5th over - 0 runs, 0 hits, 0 errors, 0 left on base; New York 3 - San Diego 3
BOTTOM OF THE 5TH
San Diego Padres batting - Pitching for New York Mets : LHP Felipe Leal
Batting: RHB Pablo Amador 0-0: Ball
1-0: Ball
2-0: Ball
3-0: Called Strike
3-1: DOUBLE (Groundball, 5L, EV 101.9 MPH)
Batting: RHB António González 0-0: TRIPLE (Line Drive, 89XD, EV 100.6 MPH)
Pablo Amador scores
Batting: RHB Jonathan Roehl 0-0: Ball
1-0: Ball
2-0: Called Strike
2-1: Ball
3-1: Base on Balls
Batting: RHB Carlos Núñez 0-0: Called Strike
0-1: Ball
1-1: Ball
2-1: Fly out, F9 (Flyball, 9S, EV 95.0 MPH)
Batting: LHB Raúl Valenzuela 0-0: Ball
1-0: Called Strike
Jonathan Roehl steals 2nd base (no throw)
1-1: Fly out, F6 (Popup, 6, EV 60.6 MPH)
Batting: RHB Luis Villa 0-0: Ball
1-0: Foul Ball, location: 5F
1-1: Foul Ball, location: 23F
1-2: Foul Ball, location: 2F
1-2: Fly out, F7 (Flyball, 7, EV 88.1 MPH)
Bottom of the 5th over - 1 run, 2 hits, 0 errors, 2 left on base; New York 3 - San Diego 4
TOP OF THE 6TH
New York Mets batting - Pitching for San Diego Padres : LHP Chae-seong Yi
Batting: RHB Troy Day 0-0: Called Strike
0-1: Foul Ball, location: 9LMF
0-2: Strikes out swinging
Batting: RHB Jack McConnell 0-0: Ball
1-0: Ball
2-0: Ball
3-0: Foul Ball, location: 5SF
3-1: Base on Balls
Batting: RHB Rich Stairs 0-0: Called Strike
0-1: Fly out, F8 (Flyball, 89D, EV 110.0 MPH)
Batting: RHB Yoriyuki Iwata 0-0: Swinging Strike
0-1: DOUBLE (Line Drive, 5D, EV 102.5 MPH)
Jack McConnell to third
Runner from 3rd tries for Home, SAFE, throw by LF to home
Batting: RHB Ricardo Cantú 0-0: Ball
1-0: Called Strike
1-1: Ball
2-1: Ball
3-1: Base on Balls
Batting: SHB Tsuneari Yamaguchi 0-0: Called Strike
0-1: Ball
Wild Pitch!
Yoriyuki Iwata to third
Ricardo Cantú to second
1-1: Called Strike
1-2: Ball
2-2: Ball
3-2: Strikes out swinging
Top of the 6th over - 1 run, 1 hit, 0 errors, 2 left on base; New York 4 - San Diego 4
BOTTOM OF THE 6TH
San Diego Padres batting - Pitching for New York Mets : LHP Felipe Leal
Batting: RHB Jorge Gonzáles 0-0: Ball
1-0: Foul Ball, location: 2F
1-1: Foul Ball, location: 9LSF
1-2: Foul Ball, location: 25F
1-2: Ball
2-2: Ball
3-2: Foul Ball, location: 2F
3-2: Foul Ball, location: 5FF
3-2: DOUBLE (Flyball, 89XD, EV 105.6 MPH)
Batting: RHB Marvin Stewart 0-0: Ground out 4-3 (Groundball, 4, EV 103.1 MPH)
Jorge Gonzáles to third
Batting: RHB Salvador Reyes 0-0: Ball
1-0: Ball
2-0: Swinging Strike
2-1: Ball
3-1: Ground out 6-3 (Groundball, 6, EV 83.8 MPH)
Batting: RHB Pablo Amador 0-0: Called Strike
0-1: TRIPLE (Line Drive, 7LD, EV 111.3 MPH)
Jorge Gonzáles scores
Pitching: RHP Steve Swift
Batting: RHB António González 0-0: Called Strike
0-1: Ball
1-1: Ground out 4-3 (Groundball, 4M, EV 98.8 MPH)
Bottom of the 6th over - 1 run, 2 hits, 0 errors, 1 left on base; New York 4 - San Diego 5
TOP OF THE 7TH
New York Mets batting - Pitching for San Diego Padres : LHP Chae-seong Yi
Batting: LHB Gustavo Costello 0-0: Ball
1-0: Ball
2-0: Called Strike
2-1: Foul Ball, location: 7LMF
2-2: Strikes out swinging
Batting: RHB Jerome Morales 0-0: Foul Ball, location: 2F
0-1: Foul Ball, location: 2F
0-2: Ground out 6-3 (Groundball, 6M, EV 90.0 MPH)
Batting: RHB José Ramírez 0-0: Ground out 4-3 (Groundball, 4M, EV 103.1 MPH)
Top of the 7th over - 0 runs, 0 hits, 0 errors, 0 left on base; New York 4 - San Diego 5
BOTTOM OF THE 7TH
San Diego Padres batting - Pitching for New York Mets : RHP Steve Swift
Batting: RHB Jonathan Roehl 0-0: Ball
1-0: Foul Ball, location: 2F
1-1: Foul Ball, location: 5F
1-2: Reached on error, E8 (Flyball, 8RM, EV 96.9 MPH)
Batting: RHB Carlos Núñez 0-0: Ball
1-0: Foul Ball, location: 9LDF
1-1: Grounds into double play, 4-6-3 (Groundball, 4M, EV 101.3 MPH)
Batting: LHB Raúl Valenzuela 0-0: Ball
1-0: Called Strike
1-1: Foul Ball, location: 3F
1-2: Strikes out swinging
Bottom of the 7th over - 0 runs, 0 hits, 1 error, 0 left on base; New York 4 - San Diego 5
TOP OF THE 8TH
New York Mets batting - Pitching for San Diego Padres : LHP Chae-seong Yi
Now in RF: Iwao Sato
Batting: RHB Troy Day 0-0: Ball
1-0: Ball
2-0: Ball
3-0: Called Strike
3-1: Base on Balls
Batting: RHB Jack McConnell 0-0: Called Strike
0-1: Grounds out, U3 (Groundball, 3L, EV 80.6 MPH)
Batting: RHB Rich Stairs 0-0: Ball
1-0: Ball
2-0: Ball
3-0: Base on Balls
Pitching: LHP Alex Gray
Batting: RHB Yoriyuki Iwata 0-0: Ball
1-0: Swinging Strike
1-1: Ball
2-1: Ball
3-1: Base on Balls
Troy Day to third
Rich Stairs to second
Batting: RHB Ricardo Cantú 0-0: Ball
1-0: GRAND SLAM HOME RUN (Flyball, 7D, EV 95.6 MPH), Distance : 361 ft
Batting: SHB Tsuneari Yamaguchi 0-0: Ball
1-0: Called Strike
1-1: Called Strike
1-2: Foul Ball, location: 2F
1-2: Hit by Pitch
Batting: LHB Gustavo Costello 0-0: Called Strike
0-1: Fielders Choice at 2nd, 3-6 (Groundball, 3, EV 95.0 MPH)
Batting: RHB Jerome Morales 0-0: Fly out, F8 (Flyball, 78M, EV 91.3 MPH)
Top of the 8th over - 4 runs, 1 hit, 0 errors, 1 left on base; New York 8 - San Diego 5
BOTTOM OF THE 8TH
San Diego Padres batting - Pitching for New York Mets : RHP Steve Swift
Batting: RHB Luis Villa 0-0: Foul Ball, location: 3DF
0-1: Ball
1-1: Ball
2-1: Foul Ball, location: 2F
2-2: Ground out 6-3 (Groundball, 6, EV 88.1 MPH)
Batting: LHB Wook-jin Ki 0-0: Ball
1-0: Swinging Strike
1-1: Ball
2-1: SINGLE (Groundball, 4MD, EV 104.4 MPH)
Batting: RHB Marvin Stewart 0-0: Called Strike
0-1: Ball
1-1: Foul Ball, location: 9LDF
1-2: Fly out, F7 (Flyball, 7LM, EV 98.8 MPH)
Batting: RHB Salvador Reyes 0-0: Ball
1-0: Ball
2-0: Swinging Strike
2-1: Called Strike
2-2: Ball
3-2: Foul Ball, location: 9LDF
3-2: Strikes out swinging
Bottom of the 8th over - 0 runs, 1 hit, 0 errors, 1 left on base; New York 8 - San Diego 5
TOP OF THE 9TH
New York Mets batting - Pitching for San Diego Padres : LHP Alex Gray
Batting: RHB José Ramírez 0-0: Called Strike
0-1: Called Strike
0-2: Ball
1-2: Ball
2-2: Fly out, F8 (Flyball, 8RD, EV 108.1 MPH)
Batting: RHB Troy Day 0-0: Called Strike
0-1: Ground out 5-3 (Groundball, 56, EV 85.6 MPH)
Batting: RHB Jack McConnell 0-0: Ball
1-0: Called Strike
1-1: Ball
2-1: Swinging Strike
2-2: Ball
3-2: Base on Balls
Batting: RHB Rich Stairs 0-0: Fly out, F8 (Flyball, 89D, EV 87.5 MPH)
Top of the 9th over - 0 runs, 0 hits, 0 errors, 1 left on base; New York 8 - San Diego 5
BOTTOM OF THE 9TH
San Diego Padres batting - Pitching for New York Mets : RHP Steve Swift
Pitching: LHP Pablo Suárez
Batting: RHB Pablo Amador 0-0: Foul Ball, location: 9LMF
0-1: Ball
1-1: Ball
2-1: Foul Ball, location: 3F
2-2: Strikes out looking
Batting: RHB António González 0-0: SOLO HOME RUN (Flyball, 89XD, EV 109.4 MPH), Distance : 420 ft
Batting: RHB Jonathan Roehl 0-0: SINGLE (Line Drive, 89M, EV 98.1 MPH)
Batting: RHB Carlos Núñez 0-0: Called Strike
0-1: Ball
1-1: Foul Ball, location: 7LMF
1-2: Strikes out swinging
Batting: LHB Iwao Sato 0-0: Ball
1-0: Ball
2-0: Foul Ball, location: 2F
2-1: Swinging Strike
2-2: Strikes out swinging
Bottom of the 9th over - 1 run, 2 hits, 0 errors, 1 left on base; New York 8 - San Diego 6
Wednesday, April 17th , 2024 - OOTP Baseball 24.10 Build 82